 Dungeon Crawl Stone Soup version 0.22-a0-355-g201945fe43 (webtiles) character file.

6061 Laan the Cleaver (level 10, -2/65 HPs)
             Began as a Gargoyle Fighter on Apr 18, 2018.
             Was a Believer of the Shining One.
             Killed from afar by a gargoyle (23 damage)
             ... with a stone arrow
             ... on level 9 of the Dungeon.
             The game lasted 00:20:36 (7290 turns).

Laan the Cleaver (Gargoyle Fighter)                 Turns: 7290, Time: 00:20:36

Health: -2/65      AC: 18    Str: 24    XL:     10   Next: 87%
Magic:  10/10      EV:  8    Int:  8    God:    the Shining One [**....]
Gold:   675        SH:  0    Dex:  9    Spells: 9/9 levels left

rFire    + . .     SeeInvis .   a - +0 war axe
rCold    . . .     Gourm    .   c - +0 shield
rNeg     + + .     Faith    .   d - +3 scale mail {rF+}
rPois    ∞         Spirit   .   (no helmet)
rElec    +         Reflect  .   l - scarf {cloud immunity}
rCorr    .         Harm     .   (no gloves)
MR       .....                  (no boots)
Stlth    ..........             (no amulet)
HPRegen  0.20/turn              (no ring)
MPRegen  0.12/turn              (no ring)

@: confused, very slightly contaminated, glowing
A: negative energy resistance 1, electricity resistance, unbreathing,
petrification resistance, rot immunity, AC +7
a: Divine Shield, Renounce Religion


You were on level 9 of the Dungeon.
You worshipped the Shining One.
The Shining One was pleased with you.
You were not hungry.

You visited 2 branches of the dungeon, and saw 10 of its levels.
You also visited: Bailey.

You collected 675 gold pieces.

Inventory:

Hand Weapons
 a - a +0 war axe (weapon)
Missiles
 b - 14 javelins (quivered)
 i - 44 bolts
Armour
 c - a +0 shield (worn)
 d - a +3 scale mail of fire resistance (worn)
 l - a scarf of cloud immunity (worn)
Wands
 n - a wand of flame (23)
 x - a wand of paralysis (17)
 B - a wand of disintegration (10)
Scrolls
 g - a scroll of summoning {unknown}
 h - 8 scrolls of identify
 j - 4 scrolls of remove curse
 k - a scroll of teleportation
 o - 3 scrolls of enchant armour
 q - a scroll of blinking
 s - a scroll of fear
 u - a scroll of fog
 y - a scroll of acquirement {unknown}
 z - 4 scrolls of immolation
Potions
 e - 2 potions of invisibility
 p - a potion of ambrosia
 r - 2 potions of flight
 t - 4 potions of lignification
 v - a potion of resistance {unknown}
 w - a potion of brilliance {unknown}
 C - a potion of agility {unknown}
 D - a potion of mutation {unknown}
Comestibles
 f - 12 rations
 m - 3 chunks of flesh


   Skills:
 + Level 8.5 Fighting
 * Level 9.5 Axes
 + Level 8.6 Armour
 + Level 8.5 Shields


You had 9 spell levels left.
You didn't know any spells.

Dungeon Overview and Level Annotations

Branches:
Dungeon (9/15)             Temple (1/1) D:5
   Lair: D:8-11         Orc: D:9-12

Altars:
Cheibriados
Dithmenos
Elyvilon
Gozag
Hepliaklqana
Makhleb
Nemelex Xobeh
Okawaru
Ru
Sif Muna
Trog
Wu Jian
Zin
The Shining One


Innate Abilities, Weirdness & Mutations

You are resistant to torment.
Your stone body is resilient. (AC +7)
You are immune to poison.
You resist negative energy. (rN+)
You are resistant to electric shocks. (rElec)
You can survive without breathing.
You are immune to petrification.
You are immune to rotting.


Message History

You feel much better.
You flicker back into view.
The gargoyle hurls a stone arrow at you.
The stone arrow hits you!
The gargoyle hurls a stone arrow at you.
You block the stone arrow.
You slash the gargoyle!
The gargoyle is heavily damaged.
You feel yourself speed up.
The gargoyle hurls a stone arrow at you.
The stone arrow hits you!
* * * LOW HITPOINT WARNING * * *
You are confused.
You feel invigorated.
The gargoyle hits you but does no damage.
You hit the gargoyle but do no damage.
The gargoyle is heavily damaged.
The gargoyle hurls a stone arrow at you.
The stone arrow hits you!
You die...

#.........# #.# #.#
#.........# #.#.#
...........# #.#.#
.##........# #.#.#
##########...#.#.####
..(#.#....#
..#.#..#.########
.(#.#............ .
#.#@#..########## #.
#9#9#..#
##".###.#)#..#
........(....#####
#......#.........
#.##........#####
.................
....#.##.#########
##% #(....


You could see a gargoyle.

Vanquished Creatures
  A two-headed ogre (D:7)
  Pikel (D:5)
  Psyche (D:9)
  A gargoyle (D:7)
  A hippogriff (D:9)
  A shadow (D:3)
  A wyvern (D:7)
  A steam dragon (D:7)
  Edmund (D:5)
  Menkaure (D:5)
  A sky beast (D:8)
  Duvessa (D:6)
  2 orc warriors
  2 ice beasts
  2 ogres
  2 phantoms
  5 centaurs
  A big kobold (D:8)
  4 bullfrogs
  Dowan (D:6)
  A gnoll sergeant (D:8)
  8 wights
  A howler monkey (D:4)
  9 jellies
  6 orc priests
  6 hounds
  2 orc wizards
  3 iguanas
  8 worker ants
  A hound skeleton (D:4)
  9 gnolls
  A howler monkey skeleton (D:6)
  12 adders
  A shadow imp (D:5)
  4 oozes
  4 adder skeletons
  A worm (D:2)
  4 dart slugs
  4 leopard geckos
  31 orcs
  10 giant cockroaches
  10 goblins
  8 hobgoblins
  4 jackals
  12 kobolds
  8 quokkas
  9 ball pythons
  17 bats
  3 frilled lizards
  3 leopard gecko skeletons
  A quokka skeleton (D:6)
  7 rats
239 creatures vanquished.

Vanquished Creatures (others)
  Blork the orc (D:4)
  A worm (D:5)
  An orc (D:8)
3 creatures vanquished.

Grand Total: 242 creatures vanquished

Notes
Turn   | Place    | Note
-------+----------+-------------------------------------------
     0 | D:1      | Laan the Gargoyle Fighter began the quest for the Orb.
     0 | D:1      | Reached XP level 1. HP: 14/14 MP: 1/1
    21 | D:1      | Reached skill level 2 in Axes
    70 | D:1      | Reached XP level 2. HP: 13/19 MP: 2/2
   274 | D:1      | Reached XP level 3. HP: 23/23 MP: 3/3
   481 | D:2      | Found a hazy altar of Hepliaklqana.
   604 | D:2      | Reached XP level 4. HP: 29/29 MP: 4/4
   915 | D:2      | Reached skill level 3 in Axes
  1057 | D:2      | Reached XP level 5. HP: 26/33 MP: 5/5
  1580 | D:3      | Found a glowing silver altar of Zin.
  2223 | D:4      | Reached XP level 6. HP: 37/38 MP: 6/6
  2231 | D:4      | Noticed Blork the orc
  2240 | D:4      | Killed Blork the orc
  2337 | D:3      | Reached skill level 4 in Axes
  2476 | D:4      | Reached XP level 7. HP: 28/44 MP: 7/7
  2715 | D:4      | Noticed a shadow
  2754 | D:3      | Killed a shadow
  2754 | D:3      | Reached skill level 5 in Fighting
  2754 | D:3      | Reached skill level 5 in Armour
  2754 | D:3      | Reached skill level 5 in Shields
  2953 | D:4      | Reached skill level 5 in Axes
  3092 | D:4      | Reached XP level 8. HP: 45/49 MP: 8/8
  3141 | D:5      | Entered Level 5 of the Dungeon
  3201 | D:5      | Noticed Edmund
  3224 | D:5      | Killed Edmund
  3344 | D:5      | Noticed Menkaure
  3357 | D:5      | Killed Menkaure
  3357 | D:5      | Reached skill level 6 in Axes
  3675 | D:5      | Found a staircase to the Ecumenical Temple.
  3686 | D:5      | Found a snail-covered altar of Cheibriados.
  3718 | Temple   | Entered the Ecumenical Temple
  3727 | Temple   | Became a worshipper of the Shining One
  3773 | D:5      | Noticed Pikel
  3793 | D:5      | Killed Pikel
  3793 | D:5      | Reached XP level 9. HP: 44/56 MP: 9/9
  4082 | D:5      | Reached skill level 7 in Axes
  4115 | D:6      | Found an ornate altar of the Wu Jian Council.
  4193 | D:6      | Noticed Duvessa
  4193 | D:6      | Noticed Dowan
  4233 | D:6      | Killed Duvessa
  4314 | D:6      | Killed Dowan
  4381 | D:6      | Found a burning altar of Makhleb.
  4880 | D:7      | Found a bloodstained altar of Trog.
  4882 | D:7      | Found a sacrificial altar of Ru.
  4885 | D:7      | Found a shadowy altar of Dithmenos.
  4969 | D:7      | Reached * piety under the Shining One
  5220 | D:7      | Found a flagged portal.
  5226 | Bailey   | Entered a bailey
  5226 | Bailey   | Noticed an orc knight
  5226 | Bailey   | Noticed an orc knight
  5226 | Bailey   | Noticed an orc knight
  5226 | Bailey   | Noticed an orc knight
  5603 | D:7      | Reached skill level 8 in Axes
  5676 | D:8      | Noticed a gargoyle
  5690 | D:8      | The Shining One protects you from harm!
  5697 | D:7      | Killed a gargoyle
  5697 | D:7      | Reached XP level 10. HP: 28/63 MP: 10/10
  5901 | D:8      | Noticed a two-headed ogre
  5914 | D:8      | HP: 3/64 [two-headed ogre/giant spiked club (22)]
  6063 | D:7      | Killed a two-headed ogre
  6330 | D:8      | Reached skill level 9 in Axes
  6375 | D:8      | Reached ** piety under the Shining One
  7263 | D:9      | Noticed a gargoyle
  7265 | D:9      | Noticed Psyche
  7280 | D:9      | Killed Psyche
  7290 | D:9      | Killed from afar by a gargoyle

Vault maps used:
D:1:      scummos_arrival_star
D:2:      nicolae_overflow_crystal_walls, kennysheep_potato
D:3:      lemuel_coloured_pillars_altar, first_ration,
          kennysheep_generic_room_12
D:4:      portal_sewer_entry_e, minmay_divided_ellipse, uniq_blork_the_orc
D:5:      cheibrodos_worm_habitat, temple_doors_e, uniq_edmund, uniq_menkaure,
          uniq_pikel
D:6:      overflow_temple_1_default, basic_altar, uniq_duvessa
D:7:      grunt_temple_overflow_open, enter_bailey_3
D:9:      uniq_joseph, uniq_psyche
Temple:   eino_wide_crystal_templ
Bailey:   bailey_polearm_4, bailey

Skill      XL: |  1  2  3  4  5  6  7  8  9 10 |
---------------+-------------------------------+-----
Axes           | 2 3 4 5 6 8 9 |  9.5
Fighting       | 4 5 6 7 8 |  8.5
Armour         | 4 5 6 7 8 |  8.6
Shields        | 4 5 6 7 8 |  8.5

Action                   |  1- 3 |  4- 6 |  7- 9 | 10-12 || total
-------------------------+-------+-------+-------+-------++-------
Melee: War axe           |   106 |   249 |   320 |   184 ||   859
Throw: Javelin           |       |       |     6 |     9 ||    15
Evoke: Wand              |       |       |       |     1 ||     1
  Use: Potion            |       |       |     7 |     4 ||    11
       Scroll            |       |       |    15 |       ||    15
  Eat: Chunk             |       |     6 |    11 |     5 ||    22
Armor: Scale mail        |    57 |   126 |    83 |   108 ||   374
       Chain mail        |       |    83 |    70 |       ||   153
Dodge: Dodged            |    51 |    82 |    81 |    63 ||   277
Block: Shield            |    67 |   171 |   191 |   100 ||   529

Table legend:
 A = Spawn XP
 B = Non-spawn XP
 C = Spawn XP percentage of total XP
 D = Spawn monster count
 E = Non-spawn monster count
 F = Spawn count percentage of total count
 G = Total turns spent on level
                    A         B        C        D         E        F      G
               +---------+---------+-------+---------+---------+-------+---------
         Total |       0 |    8659 |   0.0 |       0 |     240 |   0.0 |  7290
               +---------+---------+-------+---------+---------+-------+---------
           D:1 |       0 |      45 |   0.0 |       0 |      24 |   0.0 |   435
           D:2 |       0 |     125 |   0.0 |       0 |      29 |   0.0 |   760
           D:3 |       0 |     423 |   0.0 |       0 |      35 |   0.0 |  1270
           D:4 |       0 |     610 |   0.0 |       0 |      28 |   0.0 |   676
           D:5 |       0 |    1598 |   0.0 |       0 |      17 |   0.0 |   926
           D:6 |       0 |     753 |   0.0 |       0 |      22 |   0.0 |   753
           D:7 |       0 |    2378 |   0.0 |       0 |      31 |   0.0 |  1266
           D:8 |       0 |    1728 |   0.0 |       0 |      36 |   0.0 |   853
           D:9 |       0 |     996 |   0.0 |       0 |      17 |   0.0 |   312
        Bailey |       0 |       3 |   0.0 |       0 |       1 |   0.0 |    20
               +---------+---------+-------+---------+---------+-------+---------
